 Dungeon Crawl Stone Soup version 0.24-a0-167-g029c7ce0ac (webtiles) character file.

Game seed: 1787827367826824177

173 Roikka the Chopper (level 5, -1/40 HPs)
             Began as a Minotaur Gladiator on Mar 7, 2019.
             Was a Follower of Hepliaklqana.
             Slain by a human zombie (6 damage)
             ... in an ossuary.
             The game lasted 00:11:40 (2619 turns).

Roikka the Chopper (Minotaur Gladiator)             Turns: 2619, Time: 00:11:40

Health: -1/40      AC:  6    Str: 19    XL:     5   Next: 28%
Magic:  4/4        EV: 11    Int:  5    God:    Hepliaklqana [*.....]
Gold:   236        SH:  4    Dex: 12    Spells: 4/4 levels left

rFire    . . .     SeeInvis .   a - +1 war axe
rCold    . . .     Gourm    .   e - +0 buckler
rNeg     + . .     Faith    .   j - +0 scale mail
rPois    .         Spirit   .   c - +0 hat
rElec    .         Reflect  .   (no cloak)
rCorr    .         Harm     .   (no gloves)
MR       .....                  (no boots)
Stlth    ..........             (no amulet)
HPRegen  0.13/turn              u - ring of positive energy
MPRegen  0.09/turn              (no ring)

@: no status effects
A: retaliatory headbutt, reduced essence, horns 2
a: Recall Ancestor, Ancestor Identity, Renounce Religion


You were in an ossuary.
You worshipped Hepliaklqana.
Hepliaklqana was aware of your devotion.
You were hungry.

You visited 1 branch of the dungeon, and saw 4 of its levels.
You also visited: Ossuary.

You collected 236 gold pieces.

Inventory:

Hand Weapons
 a - a +1 war axe (weapon)
Missiles
 d - 3 throwing nets
 m - 3 tomahawks (quivered)
Armour
 c - a +0 hat (worn)
 e - a +0 buckler (worn)
 j - a +0 scale mail (worn)
Jewellery
 u - a ring of positive energy (left hand)
Wands
 b - a wand of iceblast (12)
Scrolls
 i - 4 scrolls of remove curse
 o - a scroll of fear
Potions
 k - a potion of curing
 l - a potion of haste {unknown}
 q - a potion of invisibility {unknown}
 s - a potion of lignification
Comestibles
 f - 10 rations
 g - a chunk of flesh


   Skills:
 + Level 3.4 Fighting
 + Level 4.5 Axes
 - Level 2.0 Throwing
 + Level 2.0 Armour
 - Level 4.0 Dodging
 * Level 3.3 Shields


You had 4 spell levels left.
You didn't know any spells.
Your spell library was empty.

Dungeon Overview and Level Annotations

Branches:
Dungeon (4/15)
 Temple: D:4-7

Altars:
Hepliaklqana
Kikubaaqudgha


Innate Abilities, Weirdness & Mutations

You reflexively headbutt those who attack you in melee.
You have a pair of horns on your head.
Your life essence is reduced to manifest your ancestor. (-10% HP)


Message History

Britney hits the human zombie.
The human zombie barely misses you.
You closely miss the human zombie.
The human zombie is moderately damaged.
You hit the elf zombie but do no damage.
Britney completely misses the human zombie.
The elf zombie hits you but does no damage.
The human zombie hits you but does no damage.
You barely miss the human zombie. Your headbutt misses the human zombie.
The human zombie is moderately damaged.
You hit the elf zombie.
Britney closely misses the human zombie.
You block the elf zombie's attack. The human zombie hits you.
* * * LOW HITPOINT WARNING * * *
Britney hits the human zombie.
You hit the human zombie.
The human zombie is heavily damaged.
You closely miss the elf zombie. The elf zombie hits you.
* * * LOW HITPOINT WARNING * * *
The human zombie hits you.
You die...

.#####.........####
........M.........#
..................#
...........##.....#
...........##.....#
..................#
..................#
...............#..#
..............##@R#
M..∩..........##ZZ#
...∩..........##Z.#
M..............#..#
..................#
...........##.....#
...........##ZZ...#
..................#
..................#


You could see the friendly Britney the ancestor, an elf zombie and 2 human
zombies.

Vanquished Creatures
  An orc priest (D:3)
  4 adders
  2 adder zombies (Ossuary)
  A worm (D:3)
  A dart slug (D:1)
  4 orcs
  4 giant cockroaches
  16 goblins
  8 hobgoblins
  4 jackals
  9 kobolds
  2 quokkas (D:3)
  A ball python (D:2)
  5 bats
  5 frilled lizards
  A giant cockroach zombie (D:3)
  A gnoll zombie (Ossuary)
  A hobgoblin zombie (Ossuary)
  2 kobold zombies (Ossuary)
  7 rats
  A rat zombie (Ossuary)
80 creatures vanquished.

Vanquished Creatures (collateral kills)
  An adder (D:3)
  A goblin (D:3)
2 creatures vanquished.

Vanquished Creatures (others)
  2 ancestors (Ossuary)
2 creatures vanquished.

Grand Total: 84 creatures vanquished

Notes
Turn   | Place    | Note
-------+----------+-------------------------------------------
     0 | D:1      | Roikka the Minotaur Gladiator began the quest for the Orb.
     0 | D:1      | Reached XP level 1. HP: 18/18 MP: 0/0
   126 | D:1      | Reached XP level 2. HP: 20/25 MP: 1/1
   272 | D:1      | Reached skill level 1 in Shields
   749 | D:1      | Reached XP level 3. HP: 26/30 MP: 2/2
  1009 | D:2      | Reached skill level 1 in Armour
  1423 | D:3      | Reached XP level 4. HP: 38/38 MP: 3/3
  1463 | D:3      | Found an ancient bone altar of Kikubaaqudgha.
  1890 | D:3      | Found a hazy altar of Hepliaklqana.
  1918 | D:3      | Became a worshipper of Hepliaklqana the Forgotten
  2000 | D:3      | Reached XP level 5. HP: 38/40 MP: 4/4
  2475 | D:4      | Found a sand-covered staircase.
  2484 | Ossuary  | Entered an ossuary
  2513 | Ossuary  | Reached * piety under Hepliaklqana
  2619 | Ossuary  | Slain by a human zombie

Levels and vault maps discovered:
D:1:      dpeg_arrival_concentric_ovals, layout_rooms
D:2:      layout_basic
D:3:      wad_river_or_something, layout_basic, lemuel_doored_altar,
          lemuel_crystal_altar, first_ration, hex_intersection,
          grunt_ministairs_5, chequers_serial_rivers_small_a, glass_columns_b,
          st_stairs_12
D:4:      layout_basic, vehumet_altar_wand_db, old_standard_altar,
          nicolae_ossuary_entry_ruins, uniq_pikel
Ossuary:  ossuary_minmay_tomb_2a

Skill      XL: |  1  2  3  4  5 |
---------------+----------------+-----
Axes           | 4 |  4.5
Shields        | 1 2 3 |  3.3
Armour         | 1 2 |  2.0
Fighting       | 3 |  3.4
Dodging        | 4 |  4.0
Throwing       | |  2.0

Action                   |  1- 3 |  4- 6 || total
-------------------------+-------+-------++-------
Melee: War axe           |    88 |    67 ||   155
       Headbutt          |    16 |     6 ||    22
Throw: Tomahawk          |       |     2 ||     2
Invok: Ancestor Identity |       |     1 ||     1
  Use: Scroll            |       |     9 ||     9
 Stab: Distracted        |       |     1 ||     1
  Eat: Chunk             |     2 |     3 ||     5
Armor: Leather armour    |     4 |       ||     4
       Scale mail        |    29 |    36 ||    65
Dodge: Dodged            |    43 |    51 ||    94
Block: Buckler           |    15 |    18 ||    33

Table legend:
 A = Non-vault XP
 B = Vault XP
 C = Vault XP percentage of total XP
 D = Non-vault monster count
 E = Vault monster count
 F = Vault count percentage of total count
                 A         B        C        D         E       F
            +---------+---------+-------+---------+---------+-------
      Total |     143 |     105 |  42.3 |      57 |      25 |  30.5
            +---------+---------+-------+---------+---------+-------
        D:1 |      46 |       0 |   0.0 |      26 |       0 |   0.0
        D:2 |      23 |       5 |  17.9 |      14 |       2 |  12.5
        D:3 |      59 |      84 |  58.7 |      15 |      16 |  51.6
        D:4 |      15 |       0 |   0.0 |       2 |       0 |   0.0
    Ossuary |       0 |      16 | 100.0 |       0 |       7 | 100.0
            +---------+---------+-------+---------+---------+-------
